 Dungeon Crawl Stone Soup version 0.20.1-1-g8b1a95d (webtiles) character file.

143 Reeggar the Chopper (level 5, -7/41 HPs)
             Began as a Demonspawn Chaos Knight on Sept 26, 2017.
             Killed by divine providence
             ... invoked by an orc priest
             ... summoned by Xom
              (9 damage)
             ... on level 3 of the Dungeon.
             The game lasted 00:19:22 (3405 turns).

Reeggar the Chopper (Demonspawn Chaos Knight)       Turns: 3405, Time: 00:19:23

Health: -7/41      AC: 10    Str: 12 (13) XL:     5   Next: 4%
Magic:  5/5        EV:  5    Int: 12 (13) God:    Xom [..*...]
Gold:   190        SH:  3    Dex: 14 (15) Spells: 4/4 levels left

rFire    . . .     SeeInvis .   a - +0 hand axe (chaos)
rCold    + + .     Gourm    .   u - +0 buckler
rNeg     . . .     Faith    .   q - +0 chain mail
rPois    +         Spirit   .   (no helmet)
rElec    .         Reflect  .   (no cloak)
rCorr    .         Harm     .   f - +0 pair of gloves
MR       .....                  (no boots)
Stlth    ..........             (no amulet)
Regen    0.2/turn               r - ring of Shadows {Umbra +Inv Stlth+}
MPRegen  0.1/turn               (no ring)

@: wreathed by umbra, invisible
A: claws 2, agile 1, cold resistance 2, poison resistance, wild magic 1
a: Renounce Religion


You were on level 3 of the Dungeon.
You worshipped Xom.
You were a toy of Xom.
You were full.

You visited 1 branch of the dungeon, and saw 3 of its levels.

You collected 190 gold pieces.

Inventory:

Hand Weapons
 a - a +0 hand axe of chaos (weapon)
Armour
 f - a +0 pair of gloves (worn)
 h - a +0 pair of gloves
 q - a +0 chain mail (worn)
 u - a +0 buckler (worn)
Jewellery
 o - a cursed -5 ring of protection {unknown}
 r - the ring of Shadows (left hand) {Umbra +Inv Stlth+}
   (Xom gifted it to you on level 3 of the Dungeon)

   [ring of stealth]

   It lets you turn invisible.
   It makes you more stealthy.
Scrolls
 b - 2 scrolls of fear {unknown}
 e - a scroll of enchant weapon {unknown}
 l - 2 scrolls of recharging {unknown}
 m - a scroll of teleportation {unknown}
 p - a scroll of fog {unknown}
 t - a scroll of remove curse {unknown}
 v - a scroll of random uselessness {unknown}
Potions
 d - a potion of lignification
Comestibles
 g - 4 meat rations
 i - 2 royal jellies
 w - a bread ration


   Skills:
 + Level 3.4 Fighting
 + Level 4.2 Axes
 + Level 2.8 Armour
 + Level 1.3 Dodging
 + Level 0.2 Stealth
 + Level 0.3 Shields


You had 4 spell levels left.
You didn't know any spells.

Dungeon Overview and Level Annotations

Branches:
Dungeon (3/15)

Altars:
The Shining One


Innate Abilities, Weirdness & Mutations

You have very sharp fingernails.
Your flesh is very cold resistant. (rC++)
You are agile. (Dex +2)
Your system is resistant to poisons. (rPois)
Your spells are a little harder to cast, but a little more powerful.


Message History

* * * LOW HITPOINT WARNING * * *
The orc hits you but does no damage.
You miss the orc.
The orc is severely wounded.
You closely miss the orc.
The orc is severely wounded.
You kill the orc!
The orc's corpse disappears in a puff of smoke!
You hit the kobold. You freeze the kobold.
You kill the kobold!
The kobold's corpse disappears in a puff of smoke!
The orc priest calls down the wrath of Xom upon you.
Pain shoots through your body!
* * * LOW HITPOINT WARNING * * *
It was a potion of invisibility.
You fade into invisibility!
Xom thinks this is hilarious!
The orc priest calls down the wrath of Xom upon you.
Xom smites you!
You die...

#.# #............# #.#
#.##########.# #.# #.# #.#
#.###### #.# #.# .......##
#.# ##.## #.###.#.###
##.#########.#.## ###
#.##.###..# #.>.........###.#
#..
......#.#.###.o#########.#..#
#.# #.>............ยง@.....#
#...# #.#
#.#######.####.######.# ##..#
#.# #.# #.# #.# #.####..###.#
#.# #.# #.# #............
#.#######.## #o#
######.......
...........###.## #.####.#
#######.##.##...#
########...##.# #.##....#.#
#.............. ####
#.#####...# #.####.###.#...


You could see an orc priest.

Vanquished Creatures
  An orc priest (D:3)
  Robin (D:2)
  2 adders (D:3)
  An ooze (D:1)
  2 worms
  A leopard gecko (D:3)
  4 orcs (D:3)
  An orc (shapeshifter) (D:1)
  2 ball pythons
  4 bats
  4 giant cockroaches
  9 goblins
  7 hobgoblins (D:2)
  4 jackals (D:1)
  11 kobolds
  5 frilled lizards
  11 rats
70 creatures vanquished.

Notes
Turn   | Place    | Note
-------+----------+-------------------------------------------
     0 | D:1      | Reeggar the Demonspawn Chaos Knight began the quest for the Orb.
     0 | D:1      | Reached XP level 1. HP: 18/18 MP: 1/1
    30 | D:1      | XOM: silly message
   126 | D:1      | XOM: divination: detect creatures
   153 | D:1      | Reached skill level 3 in Axes
   160 | D:1      | Gained mutation: You have sharp fingernails. [demonic ancestry]
   160 | D:1      | Reached XP level 2. HP: 19/24 MP: 2/2
   185 | D:1      | XOM: potion effect (heal wounds)
   227 | D:1      | Reached skill level 1 in Dodging
   544 | D:1      | XOM: cloud trail
   753 | D:1      | Gained mutation: You have very sharp fingernails. [demonic ancestry]
   753 | D:1      | Reached XP level 3. HP: 26/29 MP: 3/3
  1201 | D:2      | XOM: give mutations
  1201 | D:2      | Gained mutation: Your flesh is cold resistant. (rC+) [Xom's grace]
  1201 | D:2      | Gained mutation: You are agile. (Dex +2) [Xom's grace]
  1311 | D:2      | Noticed Robin
  1345 | D:2      | Killed Robin
  1568 | D:2      | XOM: god gift: 21 gold pieces
  1579 | D:2      | XOM: cloud trail
  1649 | D:2      | XOM: give mutations
  1649 | D:2      | Gained mutation: Your system is resistant to poisons. (rPois) [Xom's grace]
  1649 | D:2      | Gained mutation: You can translocate small distances at will. [Xom's grace]
  1649 | D:2      | Gained mutation: Your flesh is very cold resistant. (rC++) [Xom's grace]
  1649 | D:2      | Gained mutation: Your spells are a little harder to cast, but a little more powerful. [Xom's grace]
  1730 | D:2      | Reached XP level 4. HP: 31/35 MP: 4/4
  1802 | D:2      | Found a glowing golden altar of the Shining One.
  1889 | D:2      | XOM: stat loss: -1 Int (12/13)
  2057 | D:3      | XOM: god gift: ring of Shadows {Umbra +Inv Stlth+}
  2088 | D:3      | XOM: god gift: 25 bolts
  2217 | D:3      | XOM: torment (19/35 hp)
  2843 | D:3      | XOM: butterfly on damage
  2862 | D:3      | Reached skill level 4 in Axes
  2871 | D:3      | Mutation became permanent: Your flesh is cold resistant. (rC+) [demonic ancestry]
  2871 | D:3      | Gained mutation: Your flesh is very cold resistant. (rC++) [demonic ancestry]
  2871 | D:3      | Reached XP level 5. HP: 6/41 MP: 5/5
  2997 | D:3      | XOM: divination: detect creatures
  3058 | D:3      | XOM: give mutation
  3058 | D:3      | Gained mutation: You are weak. (Str -2) [Xom's mischief]
  3307 | D:3      | XOM: give mutations
  3307 | D:3      | Lost mutation: You are weak. (Str -2) [Xom's mischief]
  3307 | D:3      | Lost mutation: You can translocate small distances at will. [Xom's mischief]
  3358 | D:3      | XOM: harmless Chrm miscast
  3383 | D:3      | XOM: summons 4 hostile shadow creatures
  3404 | D:3      | HP: 2/41 [orc priest/nerve-wracking pain[Xom] (9)]
  3405 | D:3      | Killed from afar by an orc priest

Skill      XL: |  1  2  3  4 |
---------------+-------------+-----
Axes           | 3 4 |  4.2
Armour         | 2 |  2.8
Dodging        | 1 |  1.3
Fighting       | |  3.4
Stealth        | |  0.2
Shields        | |  0.3

Action                   |  1- 3 |  4- 6 || total
-------------------------+-------+-------++-------
Melee: Hand axe          |   125 |   118 ||   243
  Use: Scroll            |     2 |     1 ||     3
       Potion            |       |     5 ||     5
 Stab: Petrified         |     1 |       ||     1
       Confused          |     1 |       ||     1
  Eat: Chunk             |     2 |     1 ||     3
       Bread ration      |       |     3 ||     3
Armor: Ring mail         |    23 |       ||    23
       Chain mail        |    54 |   100 ||   154
Dodge: Dodged            |    85 |    37 ||   122
Block: Buckler           |       |    18 ||    18
